 Dungeon Crawl Stone Soup version 0.21-a0 (webtiles) character file.

5317 Rrauwl the Severer (level 10, 0/81 HPs)
             Began as a Minotaur Berserker on May 20, 2017.
             Was an Elder of Trog.
             Succumbed to a killer bee's poison
             ... on level 8 of the Dungeon.
             The game lasted 00:22:05 (5614 turns).

Rrauwl the Severer (Minotaur Berserker)             Turns: 5614, Time: 00:22:06

Health: 0/81       AC: 15    Str: 21    XL:     10   Next: 38%
Magic:  9/9        EV: 12    Int:  6    God:    Trog [****..]
Gold:   353        SH:  8    Dex: 14    Spells: 9/9 levels left

rFire    + . .     SeeInvis .   a - +4 war axe
rCold    + . .     Gourm    .   h - +0 buckler
rNeg     . . .     Faith    .   d - +0 plate armour
rPois    +         Spirit   .   (helmet restricted)
rElec    +         Reflect  +   f - +0 cloak
rCorr    +         Harm     .   (no gloves)
MR       +++..     Rnd*Rage +   w - +0 pair of boots
Stlth    ..........             l - +3 amulet of reflection
Regen    1.3/turn               j - +4 ring of evasion
MPRegen  0.2/turn               A - ring of protection from magic

@: lethally poisoned (0 -> 0), resistant, regenerating, slowed, very slow
A: retaliatory headbutt, horns 2, agile 1, berserk 1, blink
a: Blink, Berserk, Trog's Hand, Brothers in Arms, Burn Spellbooks, Renounce
Religion


You were on level 8 of the Dungeon.
You worshipped Trog.
Trog was greatly pleased with you.
You were near starving.

You visited 1 branch of the dungeon, and saw 8 of its levels.

You collected 353 gold pieces.

Inventory:

Hand Weapons
 a - a +4 war axe (weapon)
Missiles
 u - 84 bolts
Armour
 d - a +0 plate armour (worn)
 f - a +0 cloak (worn)
 h - a +0 buckler (worn)
 w - a +0 pair of boots (worn)
 y - the +3 leather armour "Quffaxar" {*Corrode MP+9 Str+4}
   (You found it on level 6 of the Dungeon)

   It affects your strength (+4).
   It affects your magic capacity (+9).
   It may corrode you when you take damage.
Jewellery
 j - a +4 ring of evasion (left hand)
 l - a +3 amulet of reflection (around neck)
 A - a ring of protection from magic (right hand)
Wands
 e - a wand of lightning (13/15)
 B - a wand of disintegration (24/24)
Scrolls
 k - a scroll of magic mapping
 o - a scroll of immolation
 q - 2 scrolls of enchant weapon
Potions
 b - 2 potions of might
 i - a potion of brilliance
Comestibles
 c - 7 bread rations
 g - a royal jelly
 m - 4 meat rations
 p - 2 chunks of flesh


   Skills:
 - Level 5.0 Fighting
 + Level 15.0 Axes
 - Level 7.0 Armour
 - Level 4.1 Dodging
 - Level 5.1 Shields


You had 9 spell levels left.
You didn't know any spells.

Dungeon Overview and Level Annotations

Branches:
Dungeon (8/15)             Temple (0/1) D:4
   Lair: D:8-11

Altars:
Ashenzari
Elyvilon
Fedhas
Gozag
Hepliaklqana
Makhleb
Xom


Innate Abilities, Weirdness & Mutations

You reflexively headbutt those who attack you in melee.
You have a pair of horns on your head.
You are agile. (Dex +2)
You tend to lose your temper in combat.
You can translocate small distances at will.


Message History

The killer bee poisons you! The killer bee barely misses you.
You furiously retaliate!
You headbutt the killer bee. The killer bee closely misses you.
You furiously retaliate!
You headbutt the killer bee!
You kill the killer bee!
Trog accepts your kill.
It was a potion of resistance.
You feel protected.
* * * LOW HITPOINT WARNING * * *
You feel sick.
Unknown command.
You feel extremely strange.
You feel agile.
You feel a little pissed off.
You feel jittery.
* * * LOW HITPOINT WARNING * * *
You feel very sick.
Your skin crawls.
You feel resistant to hostile enchantments.
You feel quite a bit more hungry.
You are near starving!
You die...

.. #.####....#
#..........#
....##†#......#
#......)...#
#......†.......#
#..........#
....####.#..+#.#
#..........# ##
#.....#.#
###'########
#####.#†#####.#
#.....[)..#
###†####### #@#
#.# #.# ..# ###


There were no monsters in sight!

Vanquished Creatures
  The ghost of Shimatora the Basher, a novice GrFi of Okawaru (D:7)
  Pikel (D:7)
  A queen bee (D:8)
  Sigmund (D:2)
  5 yaks (D:8)
  3 ice beasts
  6 ogres
  2 phantoms
  4 bullfrogs
  A water moccasin zombie (D:7)
  7 scorpions
  16 killer bees
  4 wights (D:6)
  2 crimson imps
  A centaur zombie (D:5)
  A jelly (D:6)
  5 hounds
  2 orc priests (D:4)
  A bullfrog skeleton (D:6)
  Terence (D:2)
  Natasha (twice) (D:2)
  2 iguanas
  3 orc wizards
  4 worker ants
  A hound skeleton (D:4)
  10 adders
  A howler monkey skeleton (D:6)
  2 shadow imps
  2 oozes
  4 worms
  4 dart slugs
  4 leopard geckos
  22 orcs
  6 giant cockroaches
  3 goblins
  5 hobgoblins
  3 jackals (D:2)
  5 kobolds
  3 quokkas
  2 ball pythons
  8 bats
  5 frilled lizards
  2 leopard gecko skeletons
  A quokka zombie (D:6)
  7 rats
176 creatures vanquished.

Vanquished Creatures (others)
  2 slaves (D:7)
  An ogre (D:7)
  A scorpion (D:7)
  A centaur skeleton (D:7)
  A leopard gecko skeleton (D:7)
6 creatures vanquished.

Grand Total: 182 creatures vanquished

Notes
Turn   | Place    | Note
-------+----------+-------------------------------------------
     0 | D:1      | Rrauwl the Minotaur Berserker began the quest for the Orb.
     0 | D:1      | Reached XP level 1. HP: 19/19 MP: 0/0
   186 | D:1      | Reached XP level 2. HP: 27/27 MP: 1/1
   498 | D:1      | Reached skill level 4 in Axes
   774 | D:2      | Reached XP level 3. HP: 28/33 MP: 2/2
   952 | D:2      | Noticed Sigmund
  1076 | D:2      | Killed Sigmund
  1076 | D:2      | Reached XP level 4. HP: 40/40 MP: 3/3
  1076 | D:2      | Reached XP level 5. HP: 46/46 MP: 4/4
  1203 | D:2      | Noticed Natasha
  1211 | D:2      | Killed Natasha
  1211 | D:2      | Reached skill level 5 in Axes
  1212 | D:2      | Reached ** piety under Trog
  1637 | D:2      | Noticed Terence
  1645 | D:2      | Killed Terence
  1645 | D:2      | Reached XP level 6. HP: 52/52 MP: 5/5
  1741 | D:2      | Noticed Natasha
  1749 | D:2      | Killed Natasha
  1783 | D:3      | Found a shattered altar of Ashenzari.
  1914 | D:3      | Reached skill level 6 in Axes
  1914 | D:3      | Reached XP level 7. HP: 59/59 MP: 6/6
  2221 | D:3      | Reached *** piety under Trog
  2355 | D:4      | Reached skill level 5 in Armour
  2866 | D:4      | Reached skill level 5 in Shields
  2883 | D:4      | Found a staircase to the Ecumenical Temple.
  2983 | D:4      | Reached skill level 5 in Fighting
  2983 | D:4      | Reached skill level 7 in Axes
  2983 | D:4      | Reached XP level 8. HP: 68/68 MP: 7/7
  3080 | D:5      | Entered Level 5 of the Dungeon
  3082 | D:5      | Found a white marble altar of Elyvilon.
  3327 | D:5      | Reached skill level 8 in Axes
  3737 | D:6      | Reached skill level 9 in Axes
  3742 | D:6      | Found an opulent altar of Gozag.
  3761 | D:6      | Got a ruby-encrusted leather armour
  3772 | D:6      | Identified the +3 leather armour "Quffaxar" {*Corrode MP+9 Str+4} (You found it on level 6 of the Dungeon)
  3959 | D:6      | Reached **** piety under Trog
  3964 | D:6      | Found a burning altar of Makhleb.
  3969 | D:6      | Reached skill level 10 in Axes
  4048 | D:6      | Reached XP level 9. HP: 74/74 MP: 8/8
  4170 | D:6      | Reached skill level 11 in Axes
  4353 | D:7      | Noticed Pikel
  4358 | D:7      | Killed Pikel
  4358 | D:7      | Reached skill level 12 in Axes
  4440 | D:7      | Found a hazy altar of Hepliaklqana.
  4466 | D:7      | Found a blossoming altar of Fedhas.
  4604 | D:7      | Noticed Shimatora's ghost (novice GrFi)
  4613 | D:7      | Killed Shimatora's ghost
  4613 | D:7      | Reached skill level 13 in Axes
  5184 | D:8      | Reached XP level 10. HP: 66/81 MP: 9/9
  5194 | D:8      | Reached skill level 14 in Axes
  5219 | D:8      | Found a blossoming altar of Fedhas.
  5247 | D:8      | Received a gift from Trog
  5508 | D:8      | Found a shimmering altar of Xom.
  5508 | D:8      | Found a burning altar of Makhleb.
  5594 | D:8      | Reached skill level 15 in Axes
  5611 | D:8      | HP: 2/81 [killer bee (3)]
  5613 | D:8      | Gained mutation: You are agile. (Dex +2) [potion of mutation]
  5613 | D:8      | Gained mutation: You tend to lose your temper in combat. [potion of mutation]
  5613 | D:8      | Gained mutation: You can translocate small distances at will. [potion of mutation]
  5614 | D:8      | Succumbed to a killer bee's poison

Vault maps used:
D:1:      saegor_arrival_simple_a
D:2:      hangedman_decor_peaks_small, kennysheep_decorative_pillar,
          uniq_natasha, uniq_terence, uniq_sigmund
D:3:      minmay_statues_item, cheibrodos_ashenzari_chains
D:4:      temple_statues, first_bread
D:5:      lemuel_crystal_altar
D:6:      grunt_gozag_breadcrumbs, basic_altar
D:7:      overflow_temple_1_default, old_standard_altar, uniq_pikel
D:8:      grunt_temple_overflow_champion_of_chaos, lemuel_crystal_altar,
          david_nohive_1, fedhas_altar_2

Skill      XL: |  1  2  3  4  5  6  7  8  9 10 |
---------------+-------------------------------+-----
Fighting       | 4 5 |  5.0
Axes           | 4 5 6 7 10 13 15 | 15.0
Armour         | 3 4 5 7 |  7.0
Dodging        | 3 4 |  4.1
Shields        | 2 3 4 5 |  5.1

Action                   |  1- 3 |  4- 6 |  7- 9 | 10-12 || total
-------------------------+-------+-------+-------+-------++-------
Melee: Hand axe          |    39 |    85 |   230 |       ||   354
       Headbutt          |     6 |    20 |    71 |    12 ||   109
       War axe           |       |       |   114 |    81 ||   195
Invok: Berserk           |     2 |     4 |     5 |     1 ||    12
       Trog's Hand       |       |       |       |     2 ||     2
  Use: Potion            |       |       |     8 |     2 ||    10
       Scroll            |       |       |    11 |     1 ||    12
 Stab: Sleeping          |     1 |     1 |       |       ||     2
  Eat: Meat ration       |     1 |       |       |       ||     1
       Chunk             |       |     3 |    12 |     2 ||    17
       Fruit             |       |       |     4 |       ||     4
Armor: Animal skin       |     8 |     3 |       |       ||    11
       Plate armour      |       |    13 |   103 |    24 ||   140
Dodge: Dodged            |    24 |    46 |   121 |    27 ||   218
Block: Buckler           |     2 |    10 |    87 |    28 ||   127
